 Dungeon Crawl Stone Soup version 0.29.1-1-gd02db6906a (webtiles) character file.

Game seed: 13482436073702059513

79417 Godmorgon the Fighter (level 16, -20/121 HPs)
             Began as a Djinni Ice Elementalist on Sept 30, 2022.
             Was the Champion of Makhleb.
             Demolished by a boulder beetle (42 damage)
             ... on level 14 of the Dungeon.
             The game lasted 03:15:25 (22978 turns).

Godmorgon the Fighter (Djinni Ice Elementalist)    Turns: 22978, Time: 03:15:26

Health: -20/121    AC:  8    Str: 16    XL:     16   Next: 11%
Gold:   381        EV: 23    Int: 20    God:    Makhleb [******] SH:  0 Dex: 31

rFire   + . .      SeeInvis .   a - +7 lajatang of the Hills {vorpal, Contam rPois rF- Dex+7}
rCold   . . .      Faith    .   (shield currently unavailable)
rNeg    + . .      Spirit   .   x - +1 robe of Vines {NoPotionHeal Regen++++}
rPois   ∞          Reflect  .   H - +0 helmet
rElec   .          Harm     .   z - +0 cloak
rCorr   .          Rampage  .   c - +1 pair of gloves of Cheibriados's Approval {Contam rN+ Str+4}
Will    +....                   (boots unavailable)
Stlth   +++.......              F - amulet of the acrobat
HPRegen 3.50/turn               B - ring of protection from cold
MPRegen 0.00/turn               Q - +6 ring of dexterity

@: about to teleport, spiked, flying
A: sickness immunity, fire resistance 2, cold vulnerability 1, float, innate
caster, HP casting, extra vitality 1, agile 1, strong 1
a: Renounce Religion, Minor Destruction, Lesser Servant of Makhleb, Major
Destruction, Greater Servant of Makhleb


You were on level 14 of the Dungeon.
You worshipped Makhleb.
Makhleb was exalted by your worship.
You visited 3 branches of the dungeon, and saw 20 of its levels.
You also visited: Volcano.

You collected 1839 gold pieces.
You spent 1458 gold pieces at shops.

Inventory:

Hand Weapons
 a - the +7 lajatang of the Hills (weapon) {vorpal, Contam rPois rF- Dex+7}
   (You bought it in a shop on level 4 of the Dungeon)

   It inflicts extra damage upon your enemies.
   Dex:       It affects your dexterity (+7).
   rF:        It makes you vulnerable to fire.
   rPois:     It protects you from poison.
   Contam:    It causes magical contamination when unequipped.
Missiles
 b - 6 boomerangs
 f - 4 silver boomerangs (quivered)
 m - 2 boomerangs of dispersal
 G - 2 poisoned darts
 O - 2 curare-tipped darts
Armour
 c - the +1 pair of gloves of Cheibriados's Approval (worn) {Contam rN+ Str+4}
   (You bought it in a shop on level 13 of the Dungeon)

   Str:       It affects your strength (+4).
   rN:        It protects you from negative energy.
   Contam:    It causes magical contamination when unequipped.
 d - a +0 buckler of protection
 x - the +1 robe of Vines (worn) {NoPotionHeal Regen++++}
   (You found it on level 1 of the Lair of Beasts)

   Its wearer cannot be healed by potions.
   Regen:     It increases your rate of health regeneration.
 z - a +0 cloak (worn)
 H - a +0 helmet (worn)
Jewellery
 w - a ring of ice
 y - a ring of see invisible
 B - a ring of protection from cold (left hand)
 F - an amulet of the acrobat (around neck)
 N - a ring of resist corrosion
 Q - a +6 ring of dexterity (right hand)
Wands
 v - a wand of polymorph (5)
 J - a wand of roots (13)
 T - a wand of charming (23)
 V - a wand of digging (3)
 W - a wand of quicksilver (5)
Scrolls
 e - a scroll of enchant weapon
 g - 5 scrolls of teleportation
 h - a scroll of torment
 j - a scroll of poison
 k - 4 scrolls of fog
 l - 3 scrolls of silence
 o - 3 scrolls of summoning
 u - a scroll of identify
 I - a scroll of magic mapping
 P - a scroll of fear
Potions
 i - 3 potions of resistance
 p - 2 potions of cancellation
 q - 2 potions of haste
 r - 3 potions of invisibility
 s - 5 potions of brilliance
 t - a potion of might
 A - 6 potions of curing
 C - 8 potions of heal wounds
 D - 2 potions of ambrosia
 E - a potion of berserk rage
 K - 4 potions of lignification
Miscellaneous
 n - a condenser vane


   Skills:
 * Level 13.2 Fighting
 * Level 11.3 Staves
 - Level 7.0 Armour
 - Level 10.0 Dodging
 - Level 1.5 Stealth
 + Level 12.1 Spellcasting
 - Level 10.0 Invocations


You had 4 spell levels left.
You knew the following spells:

 Your Spells              Type           Power      Damage    Failure   Level
a - Ozocubu's Armour      Ice            57%        N/A       1%          3
c - Cause Fear            Hex            28%        N/A       1%          4
d - Dazzling Flash        Conj/Hex       100%       N/A       1%          3
f - Freeze                Ice            100%       1d11      1%          1
h - Ensorcelled Hibernat  Hex/Ice        100%       N/A       1%          2
r - Frozen Ramparts       Ice            100%       1d16      1%          3
s - Sandblast             Erth           100%       2d20      1%          1
t - Teleport Other        Tloc           57%        N/A       1%          3
H - Hailstorm             Conj/Ice       57%        3d12      1%          4
I - Irradiate             Conj/Tmut      28%        3d21      1%          5
S - Statue Form           Tmut/Erth      38%        N/A       6%          6
Your spell library was empty.

Dungeon Overview and Level Annotations

Branches:
Dungeon (14/15)            Temple (1/1) D:7            Lair (5/5) D:11
  Swamp (0/4) Lair:2       Spider (0/4) Lair:3        Slime (0/5) Lair:4
    Orc (0/2) D:9          Vaults (0/5) D:13        Volcano (visited)

Altars:
Ashenzari
Cheibriados
Dithmenos
Elyvilon
Fedhas
Gozag
Hepliaklqana
Makhleb
Nemelex Xobeh
Okawaru
Qazlal
Ru
Trog
Uskayaw
Wu Jian
Xom
Yredelemnul
Zin
The Shining One

Shops:
D:4 ?*:[[(*   D:13 ?[=

Portals:
Trove: D:10 (give +5 ice dragon scales)

Annotations:
D:3 2 runed translucent doors, nshep25's ghost, amateur MiFi
D:4 3 runed translucent doors, turdburglar's ghost, amateur DsTm
D:14 Wociock's ghost, journeyman DgHW


Innate Abilities, Weirdness & Mutations

You are immune to sickness and miasma.
You are immune to poison.
Your flesh is very heat resistant. (rF++)
You are vulnerable to cold. (rC-)
You float through the air rather than walking.
You learn spells naturally, not from books.
Your magical power is your life essence.
You have superior vitality. (+4 MHP)
You are agile. (Dex +4, Str/Int -1)
Your muscles are strong. (Str +4, Int/Dex -1)


Message History

The efreet is frozen!
The wall freezes the efreet.
You slice the boulder beetle!!
The boulder beetle is almost dead.
The wall freezes the boulder beetle.
The boulder beetle bites you!!
The wall freezes the ettin.
The ettin hits you with a +0 dire flail!
* * * LOW HITPOINT WARNING * * *
The ettin hits you with a +0 dire flail.
* * * LOW HITPOINT WARNING * * *
The efreet is frozen!
The wall freezes the efreet!
Okay, then.
The barbs in your skin will harm you if you move.
Continue?
Your icy armour and frozen ramparts will break if you move.
Continue?
Your icy armour cracks and falls away as you move.
The frozen ramparts melt away as you move.
The barbed spikes dig painfully into your body as you move.
* * * LOW HITPOINT WARNING * * *
The boulder beetle curls into a ball and begins rolling!
The barbed spikes dig painfully into your body as you move.
* * * LOW HITPOINT WARNING * * *
The ettin attacks as you move away! The ettin completely misses you. x2
The barbed spikes dig painfully into your body as you move.
* * * LOW HITPOINT WARNING * * *
The boulder beetle attacks as you move away!
The boulder beetle completely misses you.
The boulder beetle stops rolling and uncurls.
The barbed spikes dig painfully into your body as you move.
* * * LOW HITPOINT WARNING * * *
The ettin attacks as you move away! The ettin completely misses you. x2
The barbed spikes dig painfully into your body as you move.
* * * LOW HITPOINT WARNING * * *
The ettin attacks as you move away! The ettin hits you but does no damage.
The ettin completely misses you.
The barbed spikes dig painfully into your body as you move.
* * * LOW HITPOINT WARNING * * *
The boulder beetle curls into a ball and begins rolling!
As you read the scroll of teleportation, it crumbles to dust.
You feel strangely unstable. The ettin closely misses you.
The ettin barely misses you. The boulder beetle hits you!!!
You die...

.#.......○#####l..#.>..#....#....
'#......○##.8∩##..#############'#
.........#☼$$$!#°......#....#....
........BWl$$$8#.......#....#....
.........'$_8.∩#○......#....#....
.........'$$.$8#○.....>#....'....
.........#$$$..#○R.....#....#....
.........##.8.##CB.....#....#....
..........#####.@......#....#....
.......................#....#....
#######..).......########'#.#####
..........................#......
..........................#......
..........................#......
..........................#......
..........................#......
..........................#......


You could see a boulder beetle (rolling), an ettin and an efreet.

Vanquished Creatures
  Snorg (D:14)
  A fire dragon (Lair:5)
  3 vault guards (D:13)
  11 hydras
  2 catoblepae (Lair:5)
  A boulder beetle (D:10)
  An ogre mage (D:13)
  A centaur warrior (D:14)
  The ghost of Icepheonix32 the Martial Artist, a journeyman MfTm of Dithmenos (D:10)
  6 two-headed ogres
  Urug (Lair:3)
  A hell knight (Volcano)
  A deep elf knight (D:13)
  A salamander mystic (Volcano)
  12 skeletal warriors
  A steelbarb worm (shapeshifter) (D:14)
  An orb spider (Lair:3)
  A swamp dragon (Lair:5)
  Pikel (D:9)
  An obsidian statue (D:9)
  An oklob plant (Lair:1)
  2 orc knights (D:13)
  9 ugly things
  A deep elf pyromancer (D:12)
  The ghost of YamCider the Nimble, a novice FeTm of Wu Jian (D:9)
  An orc sorcerer (D:13)
  5 cyclopes
  2 manticores
  4 salamanders (Volcano)
  11 elephants
  7 black mambas
  2 molten gargoyles (Volcano)
  2 gargoyles
  15 cane toads
  6 rime drakes
  5 komodo dragons
  An efreet (D:14)
  A queen bee (shapeshifter) (D:14)
  2 polar bears
  2 trolls
  3 meliai (D:13)
  A tyrant leech (Lair:2)
  Grinder (D:3)
  A hornet (D:8)
  Prince Ribbit (D:5)
  21 blink frogs
  7 slime creatures (D:14)
  Sigmund (D:4)
  5 fire bats (Volcano)
  26 yaks
  A shadow (D:6)
  8 wyverns
  12 basilisks
  A hog (shapeshifter) (D:14)
  A human (D:13)
  2 steam dragons
  4 wraiths
  Grum (D:9)
  12 vampire mosquitoes
  3 wargs (D:11)
  3 acid dragons
  8 water moccasins
  A sky beast (D:8)
  An ice beast (D:8)
  6 orc warriors
  4 swamp drakes
  2 black bears
  9 wolves
  An ogre (D:4)
  9 centaurs
  3 phantoms (D:5)
  5 kobold brigands
  A lemure (D:9)
  18 bullfrogs
  A necrophage (D:7)
  6 scorpions
  7 wights (D:10)
  7 killer bees
  10 howler monkeys
  2 jellies (D:5)
  6 lava snakes (Volcano)
  2 hounds
  13 orc priests
  A gnoll bouda (D:5)
  4 iguanas
  Ijyb (D:5)
  2 hell rats (Lair:4)
  8 orc wizards
  3 gnolls (D:5)
  7 adders
  A white imp (D:5)
  3 worms
  A dart slug (D:4)
  43 orcs
  6 bats
  3 endoplasms
  5 giant cockroaches
  9 goblins
  6 hobgoblins
  4 jackals (D:2)
  3 quokkas
  4 ball pythons
  2 frilled lizards
  28 kobolds
  9 rats
519 creatures vanquished.

Vanquished Creatures (others)
  18 fungi
  43 plants
61 creatures vanquished.

Grand Total: 580 creatures vanquished

Notes
Turn   | Place    | Note
-------+----------+-------------------------------------------
     0 | D:1      | Godmorgon the Djinni Ice Elementalist began the quest for
                  | the Orb.
     0 | D:1      | Godmorgon set off with the following spells memorised:
                  | Freeze, Frozen Ramparts, Ozocubu's Armour, Hailstorm.
     0 | D:1      | Reached XP level 1. HP: 15/15 MP: 0/0
   439 | D:1      | Reached XP level 2. HP: 21/22 MP: 0/0
  1461 | D:2      | Reached XP level 3. HP: 20/26 MP: 0/0
  1461 | D:2      | Learned a level 1 spell: Sandblast
  1581 | D:2      | Reached skill level 1 in Fighting
  1809 | D:2      | Reached XP level 4. HP: 28/32 MP: 0/0
  1860 | D:2      | Reached skill level 1 in Armour
  2749 | D:3      | Found a large runed translucent door.
  2749 | D:3      | Found a large runed translucent door.
  2904 | D:3      | Reached XP level 5. HP: 34/37 MP: 0/0
  2904 | D:3      | Learned a level 2 spell: Ensorcelled Hibernation
  2948 | D:3      | Noticed Grinder
  2960 | D:3      | Killed Grinder
  2961 | D:3      | Reached skill level 2 in Fighting
  2961 | D:3      | Reached XP level 6. HP: 22/45 MP: 0/0
  3157 | D:3      | Noticed nshep25's ghost (amateur MiFi)
  3817 | D:4      | Noticed Sigmund
  3825 | D:4      | Killed Sigmund
  3826 | D:4      | Reached skill level 3 in Fighting
  3826 | D:4      | Reached XP level 7. HP: 44/50 MP: 0/0
  3826 | D:4      | Learned a level 3 spell: Dazzling Flash
  3955 | D:4      | Reached skill level 5 in Spellcasting
  4027 | D:4      | Found Siunt's Antique Weapon Shoppe.
  4278 | D:4      | Reached XP level 8. HP: 55/58 MP: 0/0
  4368 | D:4      | Found Ycsar's Assorted Antiques.
  4369 | D:4      | Found Ocoen's Book Boutique.
  4370 | D:4      | Found Quykkyl's Magic Scroll Emporium.
  4370 | D:4      | Found Kiddepp's General Store.
  4371 | D:4      | Found Qovow's Antique Armour Emporium.
  4371 | D:4      | Found Odugaqei's Armour Shop.
  4395 | D:4      | Bought a scroll of identify for 22 gold pieces
  4397 | D:4      | Bought a scroll of blinking for 90 gold pieces
  4479 | D:4      | Found a runed translucent gate.
  4479 | D:4      | Found a runed translucent gate.
  4495 | D:4      | Reached skill level 4 in Fighting
  4502 | D:4      | Found a runed translucent gate.
  4507 | D:4      | Noticed turdburglar's ghost (amateur DsTm)
  4805 | D:4      | Found Osifec's Fire Supplies.
  4874 | D:5      | Entered Level 5 of the Dungeon
  4874 | D:5      | Noticed Ijyb
  4979 | D:5      | Noticed Prince Ribbit
  4986 | D:5      | Killed Prince Ribbit
  5153 | D:5      | Killed Ijyb
  5508 | D:5      | Reached XP level 9. HP: 61/63 MP: 0/0
  5508 | D:5      | Learned a level 3 spell: Teleport Other
  5963 | D:5      | Reached skill level 5 in Fighting
  6131 | D:6      | Reached skill level 5 in Armour
  6132 | D:6      | Found an ornate altar of the Wu Jian Council.
  6238 | D:6      | Found a broken altar of Ashenzari.
  6282 | D:6      | Found a white marble altar of Elyvilon.
  6822 | D:7      | Found a shimmering altar of Xom.
  6847 | D:7      | Found a staircase to the Ecumenical Temple.
  6853 | Temple   | Entered the Ecumenical Temple
  6853 | Temple   | Found a transporter.
  6853 | Temple   | Found a transporter.
  6855 | Temple   | Found a transporter.
  6855 | Temple   | Found a transporter.
  6896 | Temple   | Became a worshipper of Makhleb the Destroyer
  7147 | D:7      | Reached skill level 5 in Dodging
  7672 | D:8      | Reached XP level 10. HP: 72/72 MP: 0/0
  7805 | D:8      | Reached skill level 6 in Fighting
  7835 | D:8      | Noticed a two-headed ogre
  7852 | D:8      | Killed a two-headed ogre
  7954 | D:8      | Found a glowing silver altar of Zin.
  8336 | D:8      | Reached * piety under Makhleb
  9700 | D:8      | Found a glowing silver altar of Zin.
 10240 | D:9      | Noticed a two-headed ogre
 10251 | D:9      | Killed a two-headed ogre
 10252 | D:9      | Reached skill level 1 in Invocations
 10310 | D:9      | Found a runed translucent door.
 10322 | D:9      | Noticed Pikel
 10336 | D:9      | Reached skill level 7 in Fighting
 10336 | D:9      | Killed Pikel
 10337 | D:9      | Reached XP level 11. HP: 53/79 MP: 0/0
 10337 | D:9      | Learned a level 4 spell: Cause Fear
 10347 | D:9      | Reached ** piety under Makhleb
 10491 | D:9      | Noticed Grum
 10496 | D:9      | Killed Grum
 10593 | D:9      | Found a runed translucent door.
 10668 | D:9      | Found a staircase to the Orcish Mines.
 10960 | D:9      | Noticed an eight-headed hydra
 10961 | D:9      | Found a runed translucent gate.
 10961 | D:9      | Noticed YamCider's ghost (novice FeTm)
 10961 | D:9      | Noticed a skeletal warrior
 10962 | D:9      | Found a runed translucent gate.
 10963 | D:9      | Found a runed translucent gate.
 10992 | D:9      | Found a runed translucent door.
 11055 | D:9      | Found a runed translucent door.
 11299 | D:9      | Noticed an obsidian statue
 11381 | D:9      | Gained mutation: Armour fits poorly on your strangely
                  | shaped body. [a neqoxec]
 11471 | D:10     | Entered Level 10 of the Dungeon
 11515 | D:10     | Found a basalt altar of Yredelemnul.
 11557 | D:10     | Found a runed translucent door.
 11557 | D:10     | Noticed Icepheonix32's ghost (journeyman MfTm)
 11557 | D:10     | Noticed a boulder beetle
 11778 | D:4      | Bought a transparent lajatang for 420 gold pieces
 11778 | D:4      | Identified the +7 lajatang of the Hills {vorpal, Contam
                  | rPois rF- Dex+7} (You bought it in a shop on level 4 of the
                  | Dungeon)
 12048 | D:10     | Reached skill level 1 in Staves
 12224 | D:10     | Found a stormy altar of Qazlal.
 12234 | D:10     | Found a portal to a secret trove of treasure.
 12760 | D:10     | HP: 3/80 [boulder beetle (18)]
 12766 | D:10     | Killed a boulder beetle
 12936 | D:10     | Killed Icepheonix32's ghost
 13031 | D:9      | Noticed a soul eater
 13037 | D:9      | Killed an obsidian statue
 13086 | D:9      | Killed YamCider's ghost
 13087 | D:9      | Reached skill level 8 in Fighting
 13504 | D:9      | Killed an eight-headed hydra
 13505 | D:9      | Reached XP level 12. HP: 16/86 MP: 0/0
 13696 | D:11     | Reached *** piety under Makhleb
 13924 | D:11     | Noticed a two-headed ogre
 13939 | D:11     | Killed a two-headed ogre
 14132 | D:11     | Found a staircase to the Lair.
 14267 | D:11     | Noticed a five-headed hydra
 14272 | D:11     | Killed a five-headed hydra
 14326 | D:11     | Reached skill level 5 in Invocations
 14446 | Lair:1   | Entered Level 1 of the Lair of Beasts
 14451 | Lair:1   | Noticed a four-headed hydra
 14510 | Lair:1   | Killed a four-headed hydra
 14511 | Lair:1   | Reached skill level 10 in Spellcasting
 14606 | Lair:1   | Reached skill level 5 in Staves
 14665 | Lair:1   | Noticed a six-headed hydra
 14672 | Lair:1   | Killed a six-headed hydra
 14724 | Lair:1   | Reached **** piety under Makhleb
 14925 | Lair:1   | Noticed a six-headed hydra
 14933 | Lair:1   | Killed a six-headed hydra
 14944 | Lair:1   | Reached XP level 13. HP: 78/94 MP: 0/0
 14944 | Lair:1   | Learned a level 5 spell: Irradiate
 14998 | Lair:1   | Found the +1 robe of Vines {NoPotionHeal Regen++++}
 15089 | Lair:1   | Reached skill level 9 in Fighting
 15502 | Lair:2   | Noticed an eight-headed hydra
 15515 | Lair:2   | Killed an eight-headed hydra
 15648 | Lair:2   | Noticed a five-headed hydra
 15665 | Lair:2   | Killed a five-headed hydra
 16224 | Lair:2   | Noticed a six-headed hydra
 16241 | Lair:2   | Killed a seven-headed hydra
 16265 | Lair:2   | Found a staircase to the Swamp.
 16503 | Lair:3   | Identified the +4 war axe "Tissie" {freeze, rElec}
 16542 | Lair:3   | Found a dark tunnel.
 16550 | Volcano  | Entered a volcano
 16645 | Volcano  | Reached ***** piety under Makhleb
 16992 | Lair:3   | Found a hole to the Spider Nest.
 17107 | Lair:3   | Reached skill level 10 in Dodging
 17165 | Lair:3   | Noticed Urug
 17185 | Lair:3   | Killed Urug
 17237 | Lair:3   | Reached XP level 14. HP: 102/102 MP: 0/0
 17524 | Lair:4   | Found a staircase to the Slime Pits.
 17620 | Lair:4   | Reached skill level 10 in Fighting
 18668 | Lair:5   | Entered Level 5 of the Lair of Beasts
 18961 | Lair:5   | Reached skill level 11 in Fighting
 19403 | Lair:5   | Reached XP level 15. HP: 111/111 MP: 0/0
 19403 | Lair:5   | Learned a level 6 spell: Statue Form
 19403 | Lair:5   | Reached ****** piety under Makhleb
 19561 | Lair:5   | Identified the +1 scale mail of Saejeut {rC+}
 19862 | D:4      | Bought a potion of mutation for 96 gold pieces
 19864 | D:4      | Bought a scroll of identify for 22 gold pieces
 19864 | D:4      | Bought a scroll of enchant armour for 82 gold pieces
 19864 | D:4      | Bought a scroll of enchant armour for 82 gold pieces
 19864 | D:4      | Bought a scroll of teleportation for 33 gold pieces
 19864 | D:4      | Bought a scroll of teleportation for 33 gold pieces
 20029 | D:11     | Lost mutation: Armour fits poorly on your strangely shaped
                  | body. [potion of mutation]
 20029 | D:11     | Gained mutation: You are dopey. (Int -2) [potion of
                  | mutation]
 20030 | D:11     | Lost mutation: You are dopey. (Int -2) [potion of mutation]
 20030 | D:11     | Gained mutation: Your body sometimes deteriorates upon
                  | taking damage. [potion of mutation]
 20030 | D:11     | Gained mutation: You have a pair of small antennae on your
                  | head. [potion of mutation]
 20030 | D:11     | Gained mutation: You are agile. (Dex +4, Str/Int -1)
                  | [potion of mutation]
 20031 | D:11     | Lost mutation: You have a pair of small antennae on your
                  | head. [potion of mutation]
 20031 | D:11     | Lost mutation: Your body sometimes deteriorates upon taking
                  | damage. [potion of mutation]
 20031 | D:11     | Gained mutation: Your muscles are strong. (Str +4, Int/Dex
                  | -1) [potion of mutation]
 20834 | D:13     | Found Noraesa's Antique Armour Boutique.
 20858 | D:13     | Bought a pair of jewelled gloves for 285 gold pieces
 20858 | D:13     | Identified the +1 pair of gloves of Cheibriados's Approval
                  | {Contam rN+ Str+4} (You bought it in a shop on level 13 of
                  | the Dungeon)
 20871 | D:13     | Bought a glowing buckler for 225 gold pieces
 20963 | D:13     | Found Huqeqeh's Jewellery Shoppe.
 20989 | D:13     | Identified the +5 long sword "Ysoren" {flame, Int+3}
 21149 | D:13     | Reached skill level 10 in Invocations
 21173 | D:13     | Found Beent's Magic Scroll Shoppe.
 21192 | D:13     | Bought a scroll of identify for 34 gold pieces
 21192 | D:13     | Bought a scroll of identify for 34 gold pieces
 21496 | D:13     | Reached skill level 10 in Staves
 21613 | D:13     | Reached skill level 12 in Fighting
 21731 | D:13     | Found a gate to the Vaults.
 21928 | D:14     | Found a glowing silver altar of Zin.
 22052 | D:14     | Noticed Snorg
 22060 | D:14     | Killed Snorg
 22081 | D:14     | Found a runed translucent gate.
 22082 | D:14     | Found a runed translucent gate.
 22082 | D:14     | Found an opulent altar of Gozag.
 22083 | D:14     | Found a runed translucent gate.
 22092 | D:14     | Noticed Wociock's ghost (journeyman DgHW)
 22584 | D:14     | Reached skill level 13 in Fighting
 22586 | D:14     | Reached XP level 16. HP: 73/121 MP: 0/0
 22978 | D:14     | Demolished by a boulder beetle

Illustrated notes

Levels and vault maps discovered:
D:1:      beargit_arrival_diablo_church, layout_basic
D:2:      layout_basic
D:3:      layout_basic, ebering_ghost_disaster_area, hangedman_feature_mirror,
          uniq_grinder
D:4:      layout_basic, gammafunk_ghost_split, serial_shops, shop,
          nicolae_wooded_promenade, supply_closet_lemuel, nicolae_shop_fire_sale
          [nicolae_sub_dead_trees], uniq_sigmund
D:5:      wad_pebble_path, layout_loops_corners, corexii_shack, uniq_ijyb,
          uniq_prince_ribbit1
D:6:      layout_loops_ring, elyvilon_altar_5, nicolae_wu_jian_wuxing_cycle,
          ashenzari_altar_1, nrook_mini_backslash
D:7:      layout_gridville, general_overflow_altar, minmay_temple_entry_ruins
D:8:      layout_basic, zin_scriptorium
D:9:      layout_rooms, erik_orc_1, enter_bailey_5, gammafunk_ghost_split,
          minmay_statue_crystal_thing, uniq_grum, uniq_pikel
D:10:     layout_loops_ring, yredelemnul_altar_generic, grunt_qazlal_clouds,
          ebering_ghost_inner_flame, enter_trove_2
D:11:     layout_loops_ring, erik_lair_orcish_takeover
D:12:     layout_loops_ring
D:13:     hellmonk_destroyed_diamonds, layout_basic,
          grunt_vaults_entry_fortified, serial_shops, shop_scrolls, shop, shop
D:14:     layout_grid_maze, ebering_ghost_gozag, lemuel_round_altar, uniq_snorg
Temple:   hellmonk_temple_divided_pantheon
Lair:1:   layout_misc_corridors, hellmonk_guarded_unrand_vines,
          grunt_megastairs_4
Lair:2:   layout_loops_ring, palyth_hydra_swamp_entry, columned_hall_lemuel
Lair:3:   layout_roguey, nicolae_spider_entry_orb_guardian, enter_volcano_1,
          grunt_megastairs_1, uniq_urug
Lair:4:   layout_roguey, slime_entry_1, special_room
          [special_room_mythical_zoo], infiniplex_staircase_pool
Lair:5:   guppyfry_lair_end_dragon, layout_misc_corridors, lemuel_old_faithful

Skill      XL: |  1  2  3  4  5  6  7  8  9 10 11 12 13 14 15 |
---------------+----------------------------------------------+-----
Fighting       | 1 2 3 4 5 7 8 9 11 13 | 13.2
Armour         | 1 3 4 5 7 |  7.0
Spellcasting   | 4 5 6 7 8 9 10 11 12 | 12.1
Dodging        | 3 5 7 8 9 10 | 10.0
Invocations    | 2 4 5 7 9 10 | 10.0
Staves         | 3 5 7 9 11 | 11.3
Stealth        | |  1.5

Action                   |  1- 3 |  4- 6 |  7- 9 | 10-12 | 13-15 | 16-18 || total
-------------------------+-------+-------+-------+-------+-------+-------++-------
Melee: Dagger            |       |     4 |    13 |     9 |       |       ||    26
       Lajatang          |       |       |       |    60 |   574 |    36 ||   670
Throw: Stone             |     8 |       |       |       |       |       ||     8
       Dart              |       |    11 |    29 |    33 |     4 |       ||    77
       Boomerang         |       |       |       |       |     7 |       ||     7
 Cast: Freeze            |    36 |     1 |       |     5 |     2 |       ||    44
       Sandblast         |    12 |    71 |   118 |   244 |   206 |     8 ||   659
       Ensorcelled Hiber |       |     1 |     2 |       |     2 |       ||     5
       Hailstorm         |       |       |     1 |       |       |       ||     1
       Frozen Ramparts   |       |       |       |    40 |    81 |     6 ||   127
       Ozocubu's Armour  |       |       |       |    26 |    60 |     5 ||    91
       Dazzling Flash    |       |       |       |       |     2 |       ||     2
Invok: Minor Destruction |       |       |       |     2 |       |       ||     2
Evoke: Wand              |       |       |     7 |    14 |       |       ||    21
  Use: Scroll            |       |     1 |    11 |    17 |    12 |     1 ||    42
       Potion            |       |       |       |     4 |     3 |       ||     7
 Stab: Sleeping          |       |     2 |     3 |       |     4 |       ||     9
       Confused          |       |       |       |     1 |     6 |       ||     7
       Invisible         |       |       |       |       |     3 |       ||     3
Armor: Robe              |     4 |       |       |       |   127 |     4 ||   135
       Leather armour    |     6 |    12 |    20 |    18 |       |       ||    56
       Troll leather arm |       |       |       |    70 |       |       ||    70
Dodge: Dodged            |    12 |    19 |    47 |   289 |   740 |    45 ||  1152
